 Dungeon Crawl Stone Soup version 0.28.0-43-g3370ac3207 (webtiles) character file.

Game seed: 2916733515464230373

101 mortz the Slasher (level 5, 0/41 HPs)
             Began as a Human Monk on Mar 27, 2022.
             Slain by a hornet (4 damage)
             ... while paralysed by a hornet
             ... on level 4 of the Dungeon.
             The game lasted 00:11:47 (2341 turns).

mortz the Slasher (Human Monk)                      Turns: 2341, Time: 00:11:48

Health: 0/41       AC: 10    Str: 14    XL:     5   Next: 4%
Magic:  5/5        EV:  2    Int: 16    God:
Gold:   77         SH:  0    Dex: 15    Spells: 4/4 levels left

rFire   . . .      SeeInvis .   e - +2 dagger (drain) {short}
rCold   + . .      Faith    .   (no shield)
rNeg    . . .      Spirit   .   k - +0 plate armour
rPois   .          Reflect  .   (no helmet)
rElec   .          Harm     .   r - scarf {repulsion}
rCorr   .          Rampage  .   (no gloves)
Will    .....                   (no boots)
Stlth   ..........              f - amulet of magic regeneration {@e2}
HPRegen 0.13/turn               p - +6 ring of intelligence
MPRegen 0.49/turn               q - ring of protection from cold

@: paralysed, lethally poisoned (0 -> -7), slowed, repel missiles
A: no striking features
a: no special abilities


You were on level 4 of the Dungeon.
You visited 1 branch of the dungeon, and saw 4 of its levels.

You collected 77 gold pieces.


   Skills:
 + Level 3.4 Fighting
 + Level 1.2(2.6) Short Blades
 + Level 3.6(3.7) Long Blades
 + Level 0.6 Throwing
 + Level 1.5 Armour
 + Level 3.3 Dodging
 + Level 2.4 Stealth


You had 4 spell levels left.
You didn't know any spells.
Your spell library was empty.

Inventory:

Hand Weapons
 b - a +0 flail {mace}
   (You took it off Terence on level 2 of the Dungeon)
 e - a +2 dagger of draining (weapon) {short}
   (You took it off a kobold on level 1 of the Dungeon)
 m - a +0 rapier {short}
   (You found it on level 2 of the Dungeon)
 o - a +0 long sword {long}
   (You found it on level 2 of the Dungeon)
Missiles
 c - 38 bolts
 h - 83 stones (quivered) {throwing}
 j - 16 sling bullets
Armour
 i - a +0 leather armour
   (You found it on level 1 of the Dungeon)
 k - a +0 plate armour (worn)
   (You found it on level 1 of the Dungeon)
 r - a scarf of repulsion (worn)
   (You found it on level 3 of the Dungeon)
Jewellery
 f - an amulet of magic regeneration (around neck) {@e2}
   (You found it on level 1 of the Dungeon)
 p - a +6 ring of intelligence (left hand)
   (You found it on level 2 of the Dungeon)
 q - a ring of protection from cold (right hand)
   (You found it on level 3 of the Dungeon)
Scrolls
 d - 3 scrolls of identify {@r1}
 l - a scroll of summoning
 n - a scroll of immolation {!r!r}
Potions
 a - a potion of brilliance {unknown}
 g - a potion of cancellation {unknown}
 s - a potion of curing {unknown}

Dungeon Overview and Level Annotations

Branches:
Dungeon (4/15)
 Temple: D:4-7

Altars:

Annotations:
D:3 2 runed translucent doors, Crazy Yiuf; KittyFluff's ghost, weakling DsHu

..$....###.#
........(..#
#.........###
#.....(.....
###(....?...#
............#
.........y..#
# #?.@# #
#.##.##.#
#.......#
####.##.#
#....+ #..#.#
##.#.# #...#
#...#


You could see a hornet (drained).


Message History

Aim: a kobold, wielding a +1 short sword of electrocution (51% to hit)
You throw a stone {throwing}. The stone {throwing} hits the kobold.
Throw: 83 stones {throwing}
Press: ? - help, Q - select action Shift-Dir - straight line, f/p - kobold
Aim: a kobold, wielding a +1 short sword of electrocution (moderately wounded, 51% to hit)
You throw a stone {throwing}.
The stone {throwing} hits the kobold but does no damage.
Throw: 82 stones {throwing}
Press: ? - help, Q - select action Shift-Dir - straight line, f/p - kobold
Aim: a kobold, wielding a +1 short sword of electrocution (moderately wounded, 51% to hit)
You throw a stone {throwing}. The stone {throwing} hits the kobold.
Throw: 81 stones {throwing}
Press: ? - help, Q - select action Shift-Dir - straight line, f/p - kobold
Aim: a kobold, wielding a +1 short sword of electrocution (severely wounded, 51% to hit)
You throw a stone {throwing}.
The stone {throwing} closely misses the kobold.
You hit the kobold.
You kill the kobold!
There is a stone staircase leading down here.
You see here a +1 short sword of electrocution {short}.
h - 81 stones {throwing} (gained 1)
h - 82 stones {throwing} (gained 1)
h - 83 stones {throwing} (gained 1)
Found a stone staircase leading down.
h - 84 stones {throwing} (gained 1)
There is a stone staircase leading down here.
There is a stone staircase leading down here.
You see here a hobgoblin skeleton.
KittyFluff's ghost turns its malevolent gaze towards you.
KittyFluff's ghost wails, "Death is your only future!"
Could not explore, unopened runed door.
There is a stone staircase leading up here.
Crazy Yiuf shouts!
(D) Dungeon
Where to? (Enter - D:3 @ (x,y), ? - help)
There is a stone staircase leading down here.
You see here a +1 short sword of electrocution {short}.
You climb downwards.
There is a stone staircase leading up here.
An orc is nearby!
You barely miss the orc. You hit the orc but do no damage. You drain the orc.
The orc hits you with a +0 hand axe. 😕 HP[-1]
You take 1 damage, and now have 40/41 hp.
You barely miss the orc. The orc hits you but does no damage.
You hit the orc but do no damage. You drain the orc.
The orc hits you but does no damage.
You barely miss the orc. The orc barely misses you.
You hit the orc.
You kill the orc! 😎 HP[+1]
Your hp is fully restored (41).
Things that are here:
a +0 hand axe {axe}; a +0 scale mail; an orc corpse
d - 3 scrolls of identify {@r1} (gained 1)
A ball python comes into view.
The ball python hisses angrily.
Found a stone staircase leading down.
You hit the ball python. You drain the ball python.
You kill the ball python!
There is a stone staircase leading down here.
Found a stone staircase leading up.
A hornet comes into view.
The hornet buzzes angrily.
You see here a scroll labelled YDWISO PU QAX.
There is a stone staircase leading up here.
Throw: 84 stones {throwing}
Press: ? - help, Q - select action Shift-Dir - straight line, f - hornet
Aim: a hornet (44% to hit)
You throw a stone {throwing}.
The stone {throwing} barely misses the hornet.
You miss the hornet. The hornet stings you!
You feel yourself slow down. 😕 HP[-8]
You take 8 damage, and now have 33/41 hp.
You barely miss the hornet.
The hornet stings you but does no damage.
The hornet stings you.
You feel as though you will be slow longer. 😕 HP[-1]
You take 1 damage, and now have 32/41 hp.
You hit the hornet. The hornet stings you.
You feel as though you will be slow longer.
The hornet stings you.
* * * LOW HITPOINT WARNING * * *
You are poisoned.
You feel as though you will be slow longer. 😨 HP[-12]
You take 12 damage, and now have 20/41 hp.
MASSIVE DAMAGE!! (PAUSE)
You hit the hornet. You drain the hornet.
You feel very sick.
The hornet stings you but does no damage.
The hornet stings you!
* * * LOW HITPOINT WARNING * * *
You suddenly lose the ability to move!
* * * LOW HITPOINT WARNING * * *
You feel sick. The hornet stings you.
You die...

Skill      XL: |  1  2  3  4 |
---------------+-------------+-----
Armour         | 1 |  1.5
Short Blades   | 1 |  1.2
Fighting       | |  3.4
Long Blades    | |  3.6
Throwing       | |  0.6
Dodging        | |  3.3
Stealth        | |  2.4

Action                   |  1- 3 |  4- 6 || total
-------------------------+-------+-------++-------
Melee: Falchion          |    14 |       ||    14
       Dagger            |    51 |    68 ||   119
       Punch             |     1 |     2 ||     3
Throw: Stone             |     8 |    43 ||    51
  Use: Scroll            |       |     2 ||     2
 Stab: Sleeping          |     3 |       ||     3
Armor: Leather armour    |     6 |       ||     6
       Plate armour      |    11 |    29 ||    40
Dodge: Dodged            |    18 |     6 ||    24

Levels and vault maps discovered:
D:1:      dpeg_arrival_pits, layout_basic
D:2:      layout_rooms, ebering_ecumenical_altar_rust,
          chequers_serial_rivers_micro_b, st_stairs_13, uniq_terence
D:3:      layout_rooms, gammafunk_ghost_grave, uniq_crazy_yiuf_cottage
D:4:      layout_basic

Notes
Turn   | Place    | Note
-------+----------+-------------------------------------------
     0 | D:1      | mortz the Human Monk began the quest for the Orb.
     0 | D:1      | Reached XP level 1. HP: 18/18 MP: 1/1
     0 | D:1      | magus.rc [v1.9.6]
   305 | D:1      | Reached XP level 2. HP: 23/24 MP: 2/2
   664 | D:1      | Reached XP level 3. HP: 29/29 MP: 3/3
   816 | D:2      | Noticed Terence
   832 | D:2      | HP: 6/29 [Terence/+0 flail (7)]
   836 | D:2      | Killed Terence
   837 | D:2      | Reached XP level 4. HP: 4/35 MP: 4/4
  1219 | D:2      | Reached skill level 1 in Armour
  1594 | D:2      | Found a faded altar of an unknown god.
  1699 | D:3      | Reached skill level 1 in Short Blades
  1720 | D:3      | Found a runed translucent door.
  1720 | D:3      | Noticed KittyFluff's ghost (weakling DsHu)
  1829 | D:3      | Reached XP level 5. HP: 41/41 MP: 5/5
  1938 | D:3      | Found a runed translucent door.
  1939 | D:3      | Noticed Crazy Yiuf
  2333 | D:4      | Noticed a hornet
  2340 | D:4      | HP: 6/41 [hornet (10)]
  2340 | D:4      | Paralysed by a hornet for 3 turns
  2341 | D:4      | Slain by a hornet

Vanquished Creatures
  Terence (D:2)
  2 adders (D:3)
  2 worms (D:2)
  A dart slug (D:1)
  An orc (D:4)
  3 ball pythons
  6 endoplasms
  3 giant cockroaches
  6 goblins
  5 hobgoblins
  5 kobolds
  A quokka (D:2)
  3 bats
  A frilled lizard (D:1)
  5 rats
45 creatures vanquished.

Table legend:
 A = Non-vault XP
 B = Vault XP
 C = Vault XP percentage of total XP
 D = Non-vault monster count
 E = Vault monster count
 F = Vault count percentage of total count
                 A         B        C        D         E       F
            +---------+---------+-------+---------+---------+-------
      Total |     107 |      38 |  26.2 |      43 |       2 |   4.4
            +---------+---------+-------+---------+---------+-------
        D:1 |      35 |       0 |   0.0 |      20 |       0 |   0.0
        D:2 |      33 |      38 |  53.5 |      15 |       2 |  11.8
        D:3 |      34 |       0 |   0.0 |       6 |       0 |   0.0
        D:4 |       5 |       0 |   0.0 |       2 |       0 |   0.0
            +---------+---------+-------+---------+---------+-------

Illustrated notes

Table legend:
 A = Kills in this place as a percentage of kills in entire the game.
 B = Kills by you in this place as a percentage of kills by you in the entire game.
 C = Kills by friends in this place as a percentage of kills by friends in the entire game.
 D = Other kills in this place as a percentage of other kills in the entire game.
 E = Experience gained in this place as a percentage of experience gained in the entire game.
 F = Experience gained in this place divided by the number of levels of this place that you have seen.
                   A       B       C       D       E      F
               +-------+-------+-------+-------+-------+----------------------
         Total | 100.0 | 100.0 |   N/A |   N/A | 100.0 |  36.2
       Dungeon | 100.0 | 100.0 |   N/A |   N/A | 100.0 |  36.2
               +-------+-------+-------+-------+-------+----------------------

Table legend: (Time is in decaauts)
 A = Elapsed time spent in this place.
 B = Non-inter-level travel time spent in this place.
 C = Inter-level travel time spent in this place.
 D = Time resting spent in this place.
 E = Time spent auto-exploring this place.
 F = Levels seen in this place.
 G = Mean time per level.
                   A        B        C        D        E       F      G
               +--------+--------+--------+--------+--------+-----+--------+
         Total |   2333 |   2185 |    148 |    197 |   1480 |   4 |  583.2 |
       Dungeon |   2333 |   2185 |    148 |    197 |   1480 |   4 |  583.2 |
               +--------+--------+--------+--------+--------+-----+--------+

Top non-repeatable levels by time:
     D:2: 885 daAuts
     D:1: 776 daAuts
     D:3: 615 daAuts
     D:4: 56 daAuts
